 Dungeon Crawl Stone Soup version 0.31.0-11-ge490571c62 (webtiles) character file.

Game seed: 508357986709302924

97 qw the Shooter (level 4, 0/25 HPs)
             Began as a Deep Elf Hunter on Feb 3, 2024.
             Slain by a goblin
             ... wielding a +0 club
             ... led by Robin
              (2 damage)
             ... on level 3 of the Dungeon.
             The game lasted 00:00:07 (2044 turns).

qw the Shooter (Deep Elf Hunter)                    Turns: 2044, Time: 00:00:07

Health: 0/25       AC:  7    Str: 10    XL:     4   Next: 42%
Magic:  6/6        EV: 11    Int: 14    God:
Gold:   133        SH:  0    Dex: 18    Spells: 3/3 levels left

rFire   . . .        a - +1 shortbow
rCold   . . .        (shield currently unavailable)
rNeg    . . .        d - +0 ring mail
rPois   .            e - +1 helmet
rElec   .            (no cloak)
rCorr   .            (no gloves)
SInv    .            (no boots)
Will    .....        (no amulet)
Stlth   +            (no ring)
HPRegen 0.24/turn    (no ring)
MPRegen 0.10/turn

%: no passive effects
@: lethally poisoned (0 -> -4)
A: no striking features
a: no special abilities


You were on level 3 of the Dungeon.
You visited 1 branch of the dungeon, and saw 3 of its levels.

You collected 133 gold pieces.


   Skills:
 - Level 1.5 Fighting
 + Level 7.8 Ranged Weapons
 - Level 2.4 Dodging
 - Level 1.2 Stealth


You had 3 spell levels left.
You didn't know any spells.
Your spell library was empty.

Inventory:

Hand Weapons
 a - a +1 shortbow (weapon)
Armour
 c - a +2 helmet
 d - a +0 ring mail (worn)
 e - a +1 helmet (worn)
Jewellery
 f - an amulet of reflection
Potions
 b - a potion of haste {unknown}
 g - a potion of brilliance {unknown}
 j - a potion of resistance {unknown}

Dungeon Overview and Level Annotations

Branches:
Dungeon (3/15)

Altars:

Shops:
D:1 ?   D:2 =:

Annotations:
D:2 2 transporters
D:3 Robin


Message History

You kill the goblin!
Robin throws the goblin at you! The hobgoblin closely misses you.
The goblin hits you with a +0 dagger.
You shoot an arrow. The arrow closely misses the goblin.
The hobgoblin barely misses you. The goblin hits you but does no damage.
The goblin misses you. The hobgoblin closely misses you.
You shoot an arrow. The arrow hits the goblin.
The goblin is moderately wounded.
The hobgoblin barely misses you. The goblin hits you with a +0 dagger.
You shoot an arrow. The arrow barely misses the goblin.
The goblin hits you but does no damage. The hobgoblin hits you.
You shoot an arrow. The arrow barely misses the goblin.
The goblin closely misses you. The hobgoblin closely misses you.
You shoot an arrow. The arrow hits the goblin.
You kill the goblin!
The hobgoblin hits you.
You shoot an arrow. The arrow barely misses the hobgoblin.
The arrow hits the hobgoblin.
The hobgoblin is moderately wounded.
The hobgoblin misses you.
You shoot an arrow. The arrow closely misses the hobgoblin.
The arrow hits the hobgoblin!
You kill the hobgoblin!
The hobgoblin hits you.
You shoot an arrow. The arrow hits the hobgoblin!
You kill the hobgoblin!
Robin throws the goblin at you! The goblin hits you but does no damage.
You shoot an arrow. The arrow barely misses the goblin.
The goblin closely misses you.
You shoot an arrow. The arrow barely misses Robin.
Robin hits you but does no damage. The goblin hits you with a +0 club.
Robin hits you but does no damage.
You are lethally poisoned!
The goblin barely misses you.
You shoot an arrow. The arrow hits Robin.
Robin is almost dead.
You feel sick.
The goblin no longer looks unusually strong.
Robin barely misses you. The goblin hits you with a +0 club.
You die...

#############
###...........#
.........####.#
###.####.# #.######## .
.#. ##.####.##......
....#.###...........####
....))g@g..####.###.####
....#.###.<####.#.......
. #.............#.....
#..##..####.#####..#
#..#...........)....
#............####'##
#.#####.#...####.###.....
#...........# #.####....
######....#.####.#.###...


You could see Robin and a goblin.

Vanquished Creatures
  2 adders
  A ribbon worm (D:2)
  3 dart slugs
  5 ball pythons
  5 bats
  4 endoplasms
  4 giant cockroaches
  9 goblins
  10 hobgoblins
  7 jackals (D:3)
  4 kobolds
  4 rats
58 creatures vanquished.

Notes
Turn   | Place    | Note
-------+----------+-------------------------------------------
     0 | D:1      | qw the Deep Elf Hunter began the quest for the Orb.
     0 | D:1      | Reached XP level 1. HP: 12/12 MP: 3/3
     0 | D:1      | 0 ||| qw: Version: 0.3-a-157-g843a77d
     0 | D:1      | 0 ||| qw: Game counter: 3735
     0 | D:1      | 0 ||| qw: Melee chars always use a shield: true
     0 | D:1      | 0 ||| qw: God list: Okawaru
     0 | D:1      | 0 ||| qw: Allow faded altars: false
     0 | D:1      | 0 ||| qw: Do Orc after clearing Dungeon:15 true
     0 | D:1      | 0 ||| qw: Do second Lair branch before Depths: true
     0 | D:1      | 0 ||| qw: Lair rune preference: random
     0 | D:1      | 0 ||| qw: Goals: Normal
     0 | D:1      | 0 ||| PLANNING D:1-11
   163 | D:1      | Reached skill level 6 in Ranged Weapons
   163 | D:1      | Reached XP level 2. HP: 16/16 MP: 4/4
   429 | D:1      | Found Yrhugaem's Magic Scroll Boutique.
   436 | D:1      | 436 ||| SHOPLISTING 2 scrolls of teleportation (72 gold,
                  | have 18).
   436 | D:1      | 436 ||| SHOPLISTING scroll of enchant armour (90 gold, have
                  | 18).
   436 | D:1      | 436 ||| SHOPLISTING scroll of enchant weapon (90 gold, have
                  | 18).
   646 | D:1      | 646 ||| DROPPING ring of flight.
   647 | D:1      | 647 ||| READING scroll labelled UNWYFI DEDO.
   647 | D:1      | 647 ||| ENCHANTING +0 shortbow.
   648 | D:1      | 648 ||| READING scroll labelled WIMUWU ZOMENK.
   649 | D:1      | 649 ||| READING scroll labelled KIECKOUKES.
   650 | D:1      | 650 ||| READING scroll labelled GUTUGH ITRI.
   653 | D:1      | 653 ||| READING scroll labelled BYESID ENAXZU.
   653 | D:1      | 653 ||| ENCHANTING +1 shortbow.
   654 | D:1      | 654 ||| READING scroll labelled SIMPEY KAJE.
   654 | D:1      | 654 ||| IDENTIFYING white potion
   655 | D:1      | 655 ||| DROPPING scroll of butterflies.
   656 | D:1      | 656 ||| DROPPING potion of invisibility.
   684 | D:2      | Reached XP level 3. HP: 20/20 MP: 5/5
   846 | D:2      | Found Biloalor's Jewellery Emporium.
   855 | D:2      | 855 ||| SHOPLISTING +6 ring of dexterity (360 gold, have
                  | 62).
   855 | D:2      | 855 ||| SHOPLISTING amulet of faith (400 gold, have 62).
   855 | D:2      | 855 ||| SHOPLISTING amulet of the acrobat (300 gold, have
                  | 62).
   855 | D:2      | 855 ||| SHOPLISTING ring of Isterelu {rC+ rCorr Dex+3 SInv
                  | Stlth-} (431 gold, have 62).
   855 | D:2      | 855 ||| SHOPLISTING ring of ice (250 gold, have 62).
   855 | D:2      | 855 ||| SHOPLISTING ring of poison resistance (200 gold,
                  | have 62).
   855 | D:2      | 855 ||| SHOPLISTING ring of protection from cold (250 gold,
                  | have 62).
   900 | D:2      | Reached skill level 7 in Ranged Weapons
  1149 | D:2      | Found a transporter.
  1153 | D:2      | Found Vuiduq's Book Shop.
  1385 | D:2      | Found a transporter.
  1443 | D:2      | 1443 ||| UPGRADING to +0 ring mail.
  1453 | D:2      | 1453 ||| DROPPING +0 leather armour.
  1454 | D:2      | 1454 ||| UPGRADING to +1 helmet.
  1459 | D:2      | 1459 ||| READING scroll of identify.
  1459 | D:2      | 1459 ||| IDENTIFYING puce potion
  1460 | D:2      | 1460 ||| READING scroll labelled MUDUAGO ZIKH.
  1461 | D:2      | 1461 ||| DROPPING potion of lignification.
  1506 | D:3      | Identified the +4 whip "Zyustri" {holy, rF++ rN+ Stlth+}
  1559 | D:3      | Reached XP level 4. HP: 25/25 MP: 6/6
  1680 | D:3      | Identified the +8 short sword of the Moon {vamp, *Rage
                  | Int+6}
  2025 | D:3      | Noticed Robin
  2043 | D:3      | HP: 4/25 [goblin/+0 club[Robin] (5)]
  2044 | D:3      | Slain by a goblin

Levels and vault maps discovered:
D:1:      wander_arrival_chamber, layout_loops_ring, serial_shops,
          nicolae_shop_waterfront
D:2:      minmay_spotlight, layout_basic, serial_shops, nicolae_shop_drivethru,
          nicolae_shop_getting_attention, nicolae_twisty_statue_hallways
D:3:      layout_loops_ring, chequers_serial_rivers_micro_d,
          hangedman_decor_push, minmay_quadrilaterals, uniq_robin

Skill      XL: |  1  2  3 |
---------------+----------+-----
Ranged Weapons | 6 7 |  7.8
Fighting       | |  1.5
Dodging        | |  2.4
Stealth        | |  1.2

Action                     |  1- 3 |  4- 6 || total
---------------------------+-------+-------++-------
   Fire: Shortbow          |    88 |    55 ||   143
    Use: Scroll            |     8 |       ||     8
 Armour: Leather armour    |     7 |       ||     7
         Ring mail         |     3 |    34 ||    37
  Dodge: Dodged            |    14 |    22 ||    36

Table legend:
 A = Non-vault XP
 B = Vault XP
 C = Vault XP percentage of total XP
 D = Non-vault monster count
 E = Vault monster count
 F = Vault count percentage of total count
                 A         B        C        D         E       F
            +---------+---------+-------+---------+---------+-------
      Total |      97 |      42 |  30.2 |      37 |      21 |  36.2
            +---------+---------+-------+---------+---------+-------
        D:1 |      32 |       0 |   0.0 |      16 |       0 |   0.0
        D:2 |      35 |      12 |  25.5 |      11 |       6 |  35.3
        D:3 |      30 |      30 |  50.0 |      10 |      15 |  60.0
            +---------+---------+-------+---------+---------+-------
